 Dungeon Crawl Stone Soup version 0.28.0-53-g5a82cb258f (webtiles) character file.

Game seed: 9833382437357407380

11827 cbfl8 the Cleaver (level 11, -1/153 HPs)
             Began as a Minotaur Berserker on July 25, 2022.
             Was a High Priest of Trog.
             Shot with an arrow by a centaur (7 damage)
             ... on level 11 of the Dungeon.
             The game lasted 00:16:15 (12774 turns).

cbfl8 the Cleaver (Minotaur Berserker)             Turns: 12774, Time: 00:16:16

Health: -1/153     AC: 21    Str: 22    XL:     11   Next: 54%
Magic:  0/10       EV:  8    Int:  4    God:    Trog [*****.]
Gold:   636        SH:  0    Dex: 20    Spells: 10/10 levels left

rFire   + . .      SeeInvis +   G - +3 battleaxe (freeze)
rCold   + . .      Faith    .   (shield currently unavailable)
rNeg    . . .      Spirit   +   n - +0 gold dragon scales
rPois   +          Reflect  .   a - +1 hat
rElec   .          Harm     .   J - +1 cloak
rCorr   .          Rampage  .   f - +0 pair of gloves
Will    .....                   (no boots)
Stlth   ..........              K - amulet of guardian spirit
HPRegen 0.35/turn               i - ring of see invisible
MPRegen 0.12/turn               C - +6 ring of dexterity

@: berserking, very quick
A: horns 2, retaliatory headbutt
a: Renounce Religion, Berserk, Trog's Hand, Brothers in Arms


You were on level 11 of the Dungeon.
You worshipped Trog.
Trog was extremely pleased with you.
You visited 1 branch of the dungeon, and saw 11 of its levels.
You also visited: Sewer.

You collected 636 gold pieces.

Inventory:

Hand Weapons
 B - the +8 hand axe of Starshine {antimagic, Contam rF- Str+5 Dex+8}
   (You found it on level 5 of the Dungeon)

   It reduces the magical energy of the wielder, and disrupts the spells and
   magical abilities of those it strikes.
   Natural abilities and divine invocations are not affected.
   Str:       It affects your strength (+5).
   Dex:       It affects your dexterity (+8).
   rF:        It makes you vulnerable to fire.
   Contam:    It causes magical contamination when unequipped.
 G - a +3 battleaxe of freezing (weapon)
 H - a +6 vorpal trident
Missiles
 b - 4 throwing nets
Armour
 a - a +1 hat (worn)
 f - a +0 pair of gloves (worn)
 n - +0 gold dragon scales (worn)
 w - a +0 chain mail
 J - a +1 cloak (worn)
Jewellery
 i - a ring of see invisible (left hand)
 x - a +4 ring of protection
 C - a +6 ring of dexterity (right hand)
 K - an amulet of guardian spirit (around neck)
Wands
 l - a wand of paralysis (12)
 m - a wand of polymorph (9)
 v - a wand of iceblast (3) (quivered)
 L - a wand of mindburst (3)
Scrolls
 c - 4 scrolls of teleportation
 e - 6 scrolls of blinking {unknown}
 g - a scroll of amnesia {unknown}
 h - 2 scrolls of brand weapon {unknown}
 p - 2 scrolls of torment {unknown}
 q - 3 scrolls of summoning {unknown}
 r - 2 scrolls of enchant armour {unknown}
 s - 3 scrolls of fear {unknown}
 t - 4 scrolls of identify {unknown}
 u - 2 scrolls of acquirement {unknown}
 y - a scroll of silence {unknown}
 D - a scroll of enchant weapon {unknown}
 E - a scroll of immolation {unknown}
 F - a scroll of holy word {unknown}
 I - a scroll of vulnerability {unknown}
 M - a scroll of noise {unknown}
Potions
 d - 5 potions of might {unknown}
 j - 3 potions of mutation {unknown}
 k - a potion of lignification {unknown}
 o - a potion of attraction {unknown}
 z - a potion of ambrosia {unknown}
 A - a potion of heal wounds
 N - a potion of haste {unknown}
 O - a potion of curing {unknown}
 P - a potion of invisibility {unknown}
 Q - a potion of degeneration {unknown}


   Skills:
 * Level 11.1 Fighting
 + Level 13.1 Axes
 + Level 9.1 Armour
 * Level 8.2 Dodging
 * Level 6.2 Stealth
 * Level 0.4 Evocations


You had 10 spell levels left.
You didn't know any spells.
Your spell library was empty.

Dungeon Overview and Level Annotations

Branches:
Dungeon (11/15)            Temple (0/1) D:6            Lair (0/6) D:8
  Sewer (visited)
    Orc: D:9-12

Altars:
Ashenzari
Cheibriados
Dithmenos
Makhleb
Okawaru
Uskayaw

Shops:
D:10 ((=


Innate Abilities, Weirdness & Mutations

You have a pair of horns on your head.
You reflexively headbutt those who attack you in melee.


Message History

The vampire mosquito bites you.
* * * LOW HITPOINT WARNING * * *
The vampire mosquito draws strength from your injuries!
The centaur shoots an arrow.
The arrow hits you but does no damage.
The centaur shoots an arrow.
The arrow hits you.
* * * LOW HITPOINT WARNING * * *
Unknown command.
You are too berserk!
You closely miss the vampire mosquito.
The vampire mosquito is heavily damaged.
You completely miss the vampire mosquito.
You lop one of the eight-headed hydra's heads off!
The seven-headed hydra grows two more!
You slash the nine-headed hydra! You freeze the nine-headed hydra.
The vampire mosquito barely misses you.
The vampire mosquito bites you but does no damage.
The centaur shoots an arrow.
The arrow closely misses you.
The centaur shoots an arrow.
The arrow barely misses you.
The arrow hits the vampire mosquito!
The nine-headed hydra bites you but does no damage. x2
The nine-headed hydra bites you.
* * * LOW HITPOINT WARNING * * *
The nine-headed hydra bites you but does no damage. x3
The nine-headed hydra bites you!
* * * LOW HITPOINT WARNING * * *
The nine-headed hydra bites you but does no damage. x2
The vampire mosquito closely misses you.
The vampire mosquito bites you.
* * * LOW HITPOINT WARNING * * *
The vampire mosquito draws strength from your injuries!
You hack one of the nine-headed hydra's heads off!
The eight-headed hydra grows two more!
You slice the ten-headed hydra!! You freeze the ten-headed hydra.
The ten-headed hydra is heavily wounded.
You slash the vampire mosquito! You freeze the vampire mosquito.
You destroy the vampire mosquito!
Trog accepts your kill.
Trog will now gift you melee weapons as you gain piety.
You miss the vampire mosquito.
The centaur shoots an arrow.
The arrow closely misses you.
The centaur shoots an arrow.
The arrow hits you!
You die...

#.... .......
#.... .......
#....##..../..
#....#.c......
##.....?.......
##....c)........
#......))D......
#.......@y......
#........†......
#......?........
#.......?..#....
##........#...#.
##........#.###
#.<.÷.......#
#...........#
#..........##


You could see a ten-headed hydra, a vampire mosquito and 2 centaurs.

Vanquished Creatures
  A hydra (D:10)
  Harold (D:8)
  A two-headed ogre (D:10)
  A tengu warrior (D:10)
  An orc knight (D:10)
  2 centaur zombies
  Joseph (D:9)
  2 komodo dragons (D:10)
  2 hornets
  A wyvern (D:8)
  10 yaks
  A spriggan (D:8)
  2 wraiths
  A basilisk (D:11)
  2 vampire mosquitoes
  Edmund (D:4)
  4 orc warriors
  Duvessa (D:5)
  A black bear (D:8)
  2 sky beasts (D:7)
  3 ogres
  10 centaurs
  A necrophage (D:6)
  2 phantoms
  2 kobold brigands
  5 bullfrogs
  A gnoll sergeant (D:7)
  3 scorpions
  2 water moccasin skeletons
  Dowan (D:5)
  6 killer bees (D:8)
  9 wights
  10 orc priests
  An iron imp (D:7)
  2 jellies
  A gnoll shaman (D:9)
  Crazy Yiuf (D:7)
  A bullfrog skeleton (D:5)
  2 iguanas
  Jessica (D:2)
  Natasha (twice) (D:2)
  A hell rat (Sewer)
  7 orc wizards
  A hound zombie (D:5)
  A hound skeleton (D:4)
  A howler monkey zombie (D:8)
  8 gnolls
  4 adders
  3 river rats (Sewer)
  2 shadow imps (D:7)
  A white imp (D:7)
  An ufetubus (D:5)
  An adder zombie (D:5)
  A worm (D:2)
  3 dart slugs
  27 orcs
  7 ball pythons
  7 endoplasms
  7 giant cockroaches
  10 goblins
  7 hobgoblins
  4 jackals
  12 kobolds
  5 quokkas
  10 bats
  5 frilled lizards
  15 rats
255 creatures vanquished.

Vanquished Creatures (others)
  11 fungi
  7 plants
18 creatures vanquished.

Grand Total: 273 creatures vanquished

Notes
Turn   | Place    | Note
-------+----------+-------------------------------------------
     0 | D:1      | cbfl8 the Minotaur Berserker began the quest for the Orb.
     0 | D:1      | Reached XP level 1. HP: 19/19 MP: 0/0
   153 | D:1      | Reached skill level 4 in Axes
   156 | D:1      | Reached XP level 2. HP: 8/27 MP: 1/1
   913 | D:1      | Reached ** piety under Trog
   916 | D:1      | Reached XP level 3. HP: 25/33 MP: 2/2
   985 | D:1      | Found a faded altar of an unknown god.
  1150 | D:2      | Noticed Natasha
  1156 | D:2      | Killed Natasha
  1300 | D:2      | Noticed Natasha
  1305 | D:2      | Killed Natasha
  1306 | D:2      | Reached XP level 4. HP: 19/41 MP: 3/3
  1595 | D:2      | Noticed Jessica
  1603 | D:2      | Killed Jessica
  1604 | D:2      | Reached skill level 5 in Axes
  1797 | D:2      | Reached skill level 5 in Fighting
  1890 | D:2      | Reached XP level 5. HP: 42/48 MP: 4/4
  2272 | D:3      | Found a broken altar of Ashenzari.
  2428 | D:3      | Found a glowing drain.
  2439 | Sewer    | Entered a sewer
  2583 | Sewer    | Reached *** piety under Trog
  2587 | Sewer    | Reached skill level 1 in Stealth
  2977 | D:3      | You fall into a shaft and drop 1 floor!
  3019 | D:4      | Reached XP level 6. HP: 53/56 MP: 5/5
  3058 | D:4      | Reached skill level 6 in Axes
  3612 | D:4      | Found a shadowy altar of Dithmenos.
  3814 | D:4      | Noticed Edmund
  3824 | D:4      | Killed Edmund
  4178 | D:4      | Reached XP level 7. HP: 58/62 MP: 6/6
  4978 | D:5      | Entered Level 5 of the Dungeon
  5102 | D:5      | Identified the +8 hand axe of Starshine {antimagic, Contam
                  | rF- Str+5 Dex+8}
  5399 | D:5      | Reached skill level 7 in Axes
  5417 | D:5      | Noticed Duvessa
  5419 | D:5      | Noticed Dowan
  5422 | D:5      | Killed Duvessa
  5429 | D:5      | Killed Dowan
  5430 | D:5      | Reached XP level 8. HP: 71/71 MP: 2/7
  5658 | D:5      | Found an iron altar of Okawaru.
  5748 | D:6      | Reached skill level 5 in Armour
  5791 | D:6      | Reached skill level 8 in Axes
  5876 | D:6      | Reached **** piety under Trog
  5923 | D:6      | Reached skill level 5 in Dodging
  5948 | D:6      | Found a staircase to the Ecumenical Temple.
  5948 | D:6      | Noticed a hornet
  5952 | D:6      | Paralysed by a hornet for 1 turns
  5953 | D:6      | Killed a hornet
  6201 | D:6      | Reached skill level 9 in Axes
  6562 | D:7      | Reached XP level 9. HP: 79/79 MP: 8/8
  6656 | D:7      | Found a snail-covered altar of Cheibriados.
  7324 | D:7      | Noticed a +0 spear
  7325 | D:7      | Noticed a +0 short sword
  7326 | D:7      | Noticed a +0 dagger
  7332 | D:7      | Noticed a +0 falchion
  7339 | D:7      | Noticed a +0 short sword
  7341 | D:7      | Noticed a +0 falchion
  7345 | D:7      | Noticed a +0 spear
  7357 | D:7      | Noticed a +0 dagger
  7359 | D:7      | Found a hide-covered altar of Uskayaw.
  7375 | D:7      | Reached skill level 10 in Axes
  8010 | D:7      | Found a runed translucent door.
  8011 | D:7      | Noticed Crazy Yiuf
  8016 | D:7      | Killed Crazy Yiuf
  8338 | D:8      | Reached XP level 10. HP: 68/91 MP: 9/9
  8991 | D:8      | Noticed Harold
  8992 | D:8      | Paralysed by Harold for 3 turns
  9002 | D:8      | Killed Harold
  9003 | D:8      | Reached skill level 5 in Stealth
  9127 | D:8      | Reached skill level 11 in Axes
  9262 | D:8      | Found a staircase to the Lair.
 10349 | D:9      | Reached skill level 10 in Fighting
 10582 | D:9      | Found a burning altar of Makhleb.
 10642 | D:9      | Reached skill level 12 in Axes
 10802 | D:9      | Noticed Joseph
 10809 | D:9      | Killed Joseph
 11123 | D:10     | Entered Level 10 of the Dungeon
 11161 | D:10     | Reached ***** piety under Trog
 11166 | D:10     | Reached XP level 11. HP: 100/100 MP: 10/10
 11171 | D:10     | Found Ropp's Weapon Shoppe.
 11619 | D:10     | Noticed an orc knight
 11626 | D:10     | Killed an orc knight
 11660 | D:10     | Noticed a tengu warrior
 11672 | D:10     | Killed a tengu warrior
 11731 | D:10     | Found Kolasosa's Weapon Boutique.
 11949 | D:10     | Found Ziwoycw's Jewellery Shoppe.
 12055 | D:10     | Noticed a two-headed ogre
 12063 | D:10     | Killed a two-headed ogre
 12475 | D:11     | Noticed a seven-headed hydra
 12487 | D:10     | Killed a ten-headed hydra
 12488 | D:10     | Reached skill level 13 in Axes
 12761 | D:11     | Noticed a seven-headed hydra
 12773 | D:11     | HP: 7/153 [nine-headed hydra (8)]
 12774 | D:11     | Shot with an arrow by a centaur

Illustrated notes

Levels and vault maps discovered:
D:1:      saegor_arrival_simple_c, layout_basic,
          shapermc_ecumenical_altar_pompeii, serial_bayou_crossing
D:2:      layout_rooms, uniq_jessica, uniq_natasha
D:3:      layout_basic, ashenzari_altar_1, gup_sewer_entry_pipe
D:4:      layout_gridville, nicolae_dithmenos_the_darkroom,
          hangedman_decor_peaks_small, nicolae_concentric_dashed_squares_mild,
          lemuel_flame_loot_1, uniq_edmund
D:5:      layout_basic, okawaru_altar_gauntlet_db,
          chequers_serial_rivers_small_3, uniq_duvessa
D:6:      layout_cave_pools, minmay_temple_entry_mist, nrook_mini_backslash,
          st_stairs_8
D:7:      layout_loops_corners, slow_altar_1, nicolae_uskayaw_en_pointe,
          uniq_crazy_yiuf_cottage
D:8:      layout_basic, grunt_lair_entry_orc_guard_hut, the_hattery, uniq_harold
D:9:      layout_roguey, lemuel_tele_altar, minmay_misc_feat_secret_circle,
          uniq_joseph
D:10:     kennysheep_blocky_room, layout_loops_corners, serial_shops,
          nicolae_take_the_stairs, shop, nicolae_lakefront_shop
D:11:     layout_rooms, uniq_erica

Skill      XL: |  1  2  3  4  5  6  7  8  9 10 11 |
---------------+----------------------------------+-----
Axes           | 4 5 6 7 9 10 12 13 | 13.1
Fighting       | 4 5 6 7 9 10 11 | 11.1
Dodging        | 3 4 5 6 7 8 |  8.2
Armour         | 3 4 5 7 8 9 |  9.1
Stealth        | 1 2 3 4 5 6 |  6.2
Evocations     | |  0.4

Action                   |  1- 3 |  4- 6 |  7- 9 | 10-12 || total
-------------------------+-------+-------+-------+-------++-------
Melee: Hand axe          |    62 |   125 |    44 |       ||   231
       Headbutt          |     2 |    26 |    31 |    34 ||    93
       Punch             |     1 |     1 |     1 |       ||     3
       War axe           |       |    13 |    16 |       ||    29
       Battleaxe         |       |       |   119 |   169 ||   288
Invok: Berserk           |     1 |     2 |     4 |     6 ||    13
       Trog's Hand       |       |       |       |     2 ||     2
Evoke: Wand              |       |       |       |     4 ||     4
  Use: Potion            |       |       |     2 |     1 ||     3
       Scroll            |       |       |     1 |       ||     1
Armor: Animal skin       |     6 |       |       |       ||     6
       Leather armour    |     2 |       |       |       ||     2
       Ring mail         |       |    36 |       |       ||    36
       Chain mail        |       |     7 |   107 |    22 ||   136
       Gold dragon scale |       |       |       |   181 ||   181
Dodge: Dodged            |    48 |    75 |    92 |   116 ||   331
